 Dungeon Crawl Stone Soup version 0.24.0-125-gc4c63601f3 (webtiles) character file.

Game seed: 17633175927640503009, levelgen mode: deterministic

4178 Peloso the Blocker (level 10, 0/84 HPs)
             Began as a Minotaur Fighter on Mar 4, 2020.
             Was a Priest of Okawaru.
             Slain by a howler monkey (1 damage)
             ... on level 7 of the Dungeon.
             The game lasted 00:15:03 (7678 turns).

Peloso the Blocker (Minotaur Fighter)               Turns: 7678, Time: 00:15:03

Health: 0/84       AC: 14    Str: 23    XL:     10   Next: 8%
Magic:  9/9        EV:  7    Int:  5    God:    Okawaru [***...]
Gold:   325        SH:  0    Dex: 11    Spells: 9/9 levels left

rFire    . . .     SeeInvis .   a - +0 long sword
rCold    . . .     Gourm    .   c - +0 large shield {reflect}
rNeg     . . .     Faith    .   h - +0 chain mail
rPois    .         Spirit   .   (helmet restricted)
rElec    .         Reflect  +   s - +0 cloak
rCorr    .         Harm     .   r - +0 pair of gloves
MR       .....                  l - +0 pair of boots
Stlth    ..........             (no amulet)
HPRegen  0.24/turn              E - +1 ring of evasion
MPRegen  0.11/turn              (no ring)

@: confused, slowed, very slow
A: retaliatory headbutt, horns 2
a: Heroism, Renounce Religion


You were on level 7 of the Dungeon.
You worshipped Okawaru.
Okawaru was most pleased with you.
You were not hungry.

You visited 2 branches of the dungeon, and saw 9 of its levels.
You also visited: Ossuary.

You collected 478 gold pieces.
You spent 153 gold pieces at shops.

Inventory:

Hand Weapons
 a - a +0 long sword (weapon)
 B - the +5 hand crossbow "Wefruaqi" {penet, rPois}
   (You bought it in a shop on level 6 of the Dungeon)

   Ammo fired by it will pass through the targets it hits, potentially hitting
   all targets in its path until it reaches maximum range.
   It protects you from poison.
Armour
 b - a +0 scale mail
 c - a +0 large shield of reflection (worn)
 h - a +0 chain mail (worn)
 l - a +0 pair of boots (worn)
 r - a +0 pair of gloves (worn)
 s - a +0 cloak (worn)
Jewellery
 j - an uncursed ring of protection from magic
 E - a +1 ring of evasion (left hand)
 G - an uncursed ring of protection from magic
Wands
 i - a wand of iceblast (8)
 u - a wand of disintegration (13)
 C - a wand of flame (25)
 F - a wand of acid (12)
Scrolls
 e - 9 scrolls of remove curse
 k - 3 scrolls of amnesia {unknown}
 m - 2 scrolls of immolation {unknown}
 n - 12 scrolls of identify {unknown}
 o - 4 scrolls of fear {unknown}
 t - 2 scrolls of random uselessness {unknown}
 w - 2 scrolls of magic mapping
 x - a scroll of enchant armour {unknown}
 y - a scroll of noise {unknown}
 z - a scroll of fog {unknown}
 H - a scroll of enchant weapon {unknown}
Potions
 d - a potion of might
 g - a potion of haste {unknown}
 q - 3 potions of berserk rage {unknown}
 v - a potion of agility {unknown}
 A - a potion of mutation {unknown}
Comestibles
 f - 17 rations


   Skills:
 + Level 6.8 Fighting
 + Level 10.6 Long Blades
 + Level 8.0 Armour
 + Level 2.1 Dodging
 + Level 0.3 Stealth
 + Level 10.7 Shields
 + Level 0.2 Evocations


You had 9 spell levels left.
You didn't know any spells.
Your spell library was empty.

Dungeon Overview and Level Annotations

Branches:
Dungeon (8/15)             Temple (1/1) D:4         Ossuary (visited)
   Lair: D:8-11

Altars:
Ashenzari
Dithmenos
Elyvilon
Fedhas
Gozag
Kikubaaqudgha
Makhleb
Okawaru
Ru
Sif Muna
Trog
Uskayaw
Vehumet
Xom
The Shining One

Shops:
D:6 *

Annotations:
D:5 3 runed translucent doors, havocjr3's ghost, novice GnFi


Innate Abilities, Weirdness & Mutations

You reflexively headbutt those who attack you in melee.
You have a pair of horns on your head.


Message History

Unknown command.
You bump into the rock wall.
You feel yourself speed up.
The hornet stings you but does no damage.
The howler monkey hoots and howls with incredible vigour!
Something hits you but does no damage.
The hornet stings you but does no damage.
The howler monkey hits you but does no damage.
You closely miss something. The hornet barely misses you.
Something completely misses you.
The howler monkey hits you but does no damage.
The hornet stings you!
* * * LOW HITPOINT WARNING * * *
You feel yourself slow down.
Unknown command.
You're too confused to move!
The hornet stings you.
* * * LOW HITPOINT WARNING * * *
You feel as though you will be slow longer.
Something hits you but does no damage. The howler monkey hits you.
You die...

#.# ### #.# #.# #.# #[# #.#
#.# #.# ### #.# ..#
#############.###
..###...............#########
_..............{y)..........#
..##############@##.#######.#
..#..# #h##.# #.# ####.#
#.##.# #.# #.##.# #.##.# #.#
#.##.# #.##.### #.#
..##.###########.##...# #.#
#.##...............##.# #.#
#.##############.#.##.# #.#
#.# #.#.##.# #.#


You could see a hornet and a howler monkey.

Vanquished Creatures
  Grinder (D:5)
  A troll (D:7)
  2 hippogriffs (D:7)
  A human (D:7)
  A yak (D:7)
  3 hogs (D:7)
  4 ice beasts
  A phantom (D:6)
  A black bear (D:4)
  2 ogres (D:7)
  A wolf (D:8)
  4 bullfrogs
  2 big kobolds (D:7)
  An electric eel (D:7)
  A howler monkey (D:8)
  5 crimson imps
  9 hounds
  A quasit (D:6)
  3 human zombies (Ossuary)
  2 centaur skeletons
  2 orc priests (D:7)
  An orc wizard (D:3)
  Terence (D:3)
  Jessica (D:3)
  3 iguanas (D:7)
  Ijyb (D:3)
  2 worker ants (D:4)
  5 big kobold zombies (Ossuary)
  2 mummies (Ossuary)
  A hound skeleton (D:7)
  A hound zombie (D:8)
  4 worker ant zombies
  Robin (D:3)
  10 adders
  A shadow imp (D:6)
  2 oozes
  2 adder skeletons
  4 worms
  6 leopard geckos
  17 orcs
  6 bats
  7 giant cockroaches
  12 goblins
  12 hobgoblins
  5 jackals
  A quokka (D:6)
  A ball python (D:2)
  A frilled lizard (D:3)
  A goblin zombie (Ossuary)
  9 hobgoblin zombies (Ossuary)
  14 kobolds
  8 kobold zombies (Ossuary)
  A leopard gecko skeleton (D:6)
  A leopard gecko zombie (D:7)
  9 orc zombies (Ossuary)
  A rat (D:3)
  2 rat zombies (Ossuary)
204 creatures vanquished.

Vanquished Creatures (others)
  A wizard (D:7)
  A centaur (D:5)
  A giant cockroach (D:8)
  A fungus (D:5)
  3 plants (D:5)
7 creatures vanquished.

Grand Total: 211 creatures vanquished

Notes
Turn   | Place    | Note
-------+----------+-------------------------------------------
     0 | D:1      | Peloso the Minotaur Fighter began the quest for the Orb.
     0 | D:1      | Reached XP level 1. HP: 19/19 MP: 0/0
   188 | D:1      | Reached XP level 2. HP: 27/27 MP: 1/1
   842 | D:2      | Reached XP level 3. HP: 33/33 MP: 2/2
  1056 | D:2      | Reached XP level 4. HP: 26/40 MP: 3/3
  1287 | D:3      | Noticed Ijyb
  1309 | D:3      | Killed Ijyb
  1373 | D:3      | Reached skill level 5 in Shields
  1433 | D:3      | Reached XP level 5. HP: 46/46 MP: 4/4
  1450 | D:3      | Noticed Robin
  1452 | D:3      | Noticed Terence
  1482 | D:3      | Killed Terence
  1917 | D:3      | Killed Robin
  1982 | D:3      | Noticed Jessica
  1985 | D:3      | Killed Jessica
  2635 | D:4      | Reached XP level 6. HP: 53/53 MP: 5/5
  2643 | D:4      | Found a staircase to the Ecumenical Temple.
  2661 | D:4      | Reached skill level 1 in Dodging
  2685 | D:4      | Found a sand-covered staircase.
  2693 | Ossuary  | Entered an ossuary
  2882 | Ossuary  | Reached skill level 5 in Long Blades
  2886 | Ossuary  | Reached skill level 5 in Armour
  2924 | Ossuary  | Reached XP level 7. HP: 58/60 MP: 6/6
  3069 | Temple   | Entered the Ecumenical Temple
  3934 | D:4      | Found a sacrificial altar of Ru.
  4192 | D:5      | Entered Level 5 of the Dungeon
  4203 | D:5      | Found a runed translucent gate.
  4203 | D:5      | Found a runed translucent gate.
  4203 | D:5      | Found a runed translucent gate.
  4394 | D:5      | Noticed Grinder
  4402 | D:5      | Paralysed by Grinder for 4 turns
  4408 | D:5      | Paralysed by Grinder for 2 turns
  4413 | D:5      | Killed Grinder
  4413 | D:5      | Reached skill level 5 in Fighting
  4413 | D:5      | Reached XP level 8. HP: 47/68 MP: 7/7
  4571 | D:5      | Noticed havocjr3's ghost (novice GnFi)
  4572 | D:5      | Identified the +8 short sword of Cocytus {venom, *Noise
                  | *Drain rC++ Int+3}
  4869 | D:5      | Found an iron altar of Okawaru.
  4877 | D:5      | Became a worshipper of Warmaster Okawaru
  5398 | D:6      | Found Uducit's Assorted Antiques.
  5403 | D:6      | Bought a jewelled hand crossbow for 153 gold pieces
  5619 | D:6      | Identified the +5 hand crossbow "Wefruaqi" {penet, rPois}
                  | (You bought it in a shop on level 6 of the Dungeon)
  5650 | D:7      | Found a sacrificial altar of Ru.
  5790 | D:7      | Reached * piety under Okawaru
  5882 | D:7      | Reached XP level 9. HP: 47/75 MP: 8/8
  5907 | D:7      | Reached skill level 10 in Long Blades
  5960 | D:7      | Reached ** piety under Okawaru
  6827 | D:7      | Found a bloodstained altar of Trog.
  6830 | D:7      | Noticed a wizard
  6836 | D:7      | Killed a wizard
  6963 | D:8      | Reached skill level 10 in Shields
  6995 | D:8      | Noticed a troll
  6999 | D:8      | Reached *** piety under Okawaru
  7367 | D:7      | Reached XP level 10. HP: 43/84 MP: 9/9
  7660 | D:7      | Paralysed by a hornet for 2 turns
  7671 | D:7      | Paralysed by a hornet for 3 turns
  7673 | D:7      | HP: 2/84 [hornet (7)]
  7678 | D:7      | HP: 1/84 [hornet (1)]
  7678 | D:7      | Slain by a howler monkey

Levels and vault maps discovered:
D:1:      kilobyte_arrival_exit_the_forest, layout_rooms, serial_forest,
          infiniplex_forest_corner_2, infiniplex_forest_lined_3,
          infiniplex_forest_corner_2, infiniplex_forest_lined_corner,
          infiniplex_forest_split, infiniplex_forest_lined_room_3,
          infiniplex_forest_3_way, infiniplex_forest_straight_2,
          infiniplex_forest_clump_double, infiniplex_forest_clump_small
D:2:      layout_rooms, minmay_misc_feat_tiny
D:3:      layout_loops_corners, uniq_terence, uniq_jessica, uniq_ijyb,
          uniq_robin
D:4:      layout_basic, minmay_temple_entry_arrows, enter_ossuary_1,
          nicolae_ru_the_path_less_chosen
D:5:      layout_gridville, kennysheep_okawaru_gauntlet,
          gammafunk_ghost_nasty_kobolds, first_ration, eino_curves_02,
          uniq_grinder
D:6:      layout_basic, serial_shops, nicolae_shop_competitors_out_of_business
D:7:      layout_loops_ring, lemuel_crystal_altar, grunt_livestock,
          minivault_14, nicolae_benzene_ring, trog_wizard
D:8:      layout_basic, marbit_many_paths, minmay_overflow_temple_star_hex,
          kennysheep_mini, erik_lair_island, uniq_joseph
Temple:   minmay_temple_forest_path

Skill      XL: |  1  2  3  4  5  6  7  8  9 10 |
---------------+-------------------------------+-----
Armour         | 4 5 6 7 8 |  8.0
Fighting       | 4 5 6 |  6.8
Shields        | 4 5 6 7 8 10 | 10.7
Long Blades    | 3 4 5 7 9 10 | 10.6
Dodging        | 1 2 |  2.1
Stealth        | |  0.3
Evocations     | |  0.2

Action                   |  1- 3 |  4- 6 |  7- 9 | 10-12 || total
-------------------------+-------+-------+-------+-------++-------
Melee: Long sword        |    81 |   246 |   424 |    12 ||   763
       Headbutt          |     7 |    55 |    92 |     1 ||   155
Invok: Heroism           |       |       |     1 |     2 ||     3
Evoke: Wand              |       |       |     4 |       ||     4
  Use: Potion            |     2 |     1 |       |     4 ||     7
       Scroll            |       |     2 |       |       ||     2
  Eat: Chunk             |       |     7 |     5 |     1 ||    13
       Ration            |       |       |     3 |       ||     3
Armor: Scale mail        |    25 |       |       |       ||    25
       Chain mail        |    23 |   118 |   201 |    36 ||   378
Dodge: Dodged            |    23 |    21 |    68 |    13 ||   125
Block: Shield            |    29 |       |       |       ||    29
       Large shield      |    38 |   224 |   417 |    30 ||   709
       Reflection        |       |     1 |     9 |       ||    10
       Rpst.: Long sword |     8 |     8 |    18 |       ||    34
